 Dungeon Crawl Stone Soup version 0.25.1-2-g60ff931df9 (webtiles) character file.

Game seed: 1086587324031097963

158 Delamore the Covered (level 5, -1/33 HPs)
             Began as a Gargoyle Fighter on Aug 29, 2020.
             Blown up by Ijyb (8 damage)
             ... with a disintegration bolt
             ... on level 3 of the Dungeon.
             The game lasted 00:01:58 (2324 turns).

Delamore the Covered (Gargoyle Fighter)             Turns: 2324, Time: 00:01:58

Health: -1/33      AC: 20    Str: 21    XL:     5   Next: 40%
Magic:  5/5        EV:  7    Int:  8    God:
Gold:   101        SH:  9    Dex:  9    Spells: 4/4 levels left

rFire    . . .     SeeInvis .   k - +1 mace (protect)
rCold    . . .     Gourm    .   c - +0 kite shield
rNeg     + . .     Faith    .   b - +0 scale mail
rPois    ∞         Spirit   .   (no helmet)
rElec    +         Reflect  .   t - +1 cloak
rCorr    .         Harm     .   (no gloves)
MR       .....                  (no boots)
Stlth    ..........             (no amulet)
HPRegen  0.11/turn              (no ring)
MPRegen  0.09/turn              (no ring)

@: protection aura
A: negative energy resistance 1, electricity resistance, unbreathing,
petrification resistance, rot immunity, AC +4
a: no special abilities


You were on level 3 of the Dungeon.
You were hungry.

You visited 1 branch of the dungeon, and saw 3 of its levels.

You collected 101 gold pieces.

Inventory:

Hand Weapons
 a - a +0 flail
 k - a +1 mace of protection (weapon)
Armour
 b - a +0 scale mail (worn)
 c - a +0 kite shield (worn)
 t - a +1 cloak (worn)
Scrolls
 e - 2 scrolls of teleportation {unknown}
 i - 3 scrolls of identify {unknown}
 l - 2 scrolls of enchant weapon {unknown}
 m - a scroll of magic mapping {unknown}
 n - 2 scrolls of fear {unknown}
 r - a scroll of noise {unknown}
Potions
 d - 2 potions of might
 h - a potion of brilliance {unknown}
 j - a potion of curing {unknown}
 o - a potion of haste {unknown}
 p - a potion of heal wounds {unknown}
 q - a potion of resistance {unknown}
 s - a potion of flight {unknown}
 u - a potion of degeneration {unknown}
Comestibles
 f - 4 rations


   Skills:
 + Level 4.3 Fighting
 + Level 3.1 Maces & Flails
 + Level 4.3 Armour
 + Level 4.3 Shields


You had 4 spell levels left.
You didn't know any spells.
Your spell library was empty.

Dungeon Overview and Level Annotations

Branches:
Dungeon (3/15)

Altars:

Annotations:
D:3 Ijyb


Innate Abilities, Weirdness & Mutations

You are resistant to torment.
Your stone body is resilient. (AC +4)
You are immune to poison.
You resist negative energy. (rN+)
You are resistant to electric shocks. (rElec)
You can survive without breathing.
You are immune to petrification.
You are immune to rotting.


Message History

There is a stone staircase leading down here.
You start resting.
You are feeling hungry.
You start resting.
HP restored.
You climb downwards.
Level annotation: Ijyb Ijyb hits you but does no damage.
There is a stone staircase leading up here.
You hit Ijyb but do no damage.
Your weapon exudes an aura of protection.
Ijyb zaps a wand.
You are blasted!
Ouch! That really hurt!
You hit Ijyb but do no damage. You block Ijyb's attack.
Ijyb screams, "Get away!"
Ijyb zaps a wand.
You are blasted!
* * * LOW HITPOINT WARNING * * *
You hit Ijyb but do no damage. You block Ijyb's attack.
Ijyb zaps a wand.
You are blasted!
You die...

##.## #.#..#
...#.#....#
#####..#...g.##
)..#..######.#
##.#..# #...)#
#...[.###g##.#
#.......#.##.#
#.###.#.#.##.#
#......@g..#..
#.###.########
### #.# #.# #.#
#.# #.#########
#.........#
#########.#


You could see Ijyb.

Vanquished Creatures
  An orc warrior (D:2)
  2 oozes (D:1)
  3 worms (D:2)
  2 dart slugs
  2 leopard geckos
  A ball python (D:2)
  4 bats
  3 giant cockroaches
  8 goblins
  A hobgoblin (D:2)
  2 quokkas (D:2)
  2 frilled lizards (D:2)
  6 kobolds
  8 rats
45 creatures vanquished.

Notes
Turn   | Place    | Note
-------+----------+-------------------------------------------
     0 | D:1      | Delamore the Gargoyle Fighter began the quest for the Orb.
     0 | D:1      | Reached XP level 1. HP: 14/14 MP: 1/1
   198 | D:1      | Reached XP level 2. HP: 18/19 MP: 2/2
   408 | D:1      | Reached XP level 3. HP: 23/23 MP: 3/3
  1199 | D:2      | Reached XP level 4. HP: 29/29 MP: 4/4
  1441 | D:2      | Noticed an orc warrior
  1461 | D:2      | Killed an orc warrior
  1461 | D:2      | Reached XP level 5. HP: 9/33 MP: 5/5
  1793 | D:3      | Noticed Ijyb
  2324 | D:3      | Blown up by Ijyb

Illustrated notes

Levels and vault maps discovered:
D:1:      evilmike_arrival_crescent, layout_basic,
          chequers_serial_rivers_small_a, minmay_tromino_mix6
D:2:      kennysheep_big_flooded_room, layout_basic
D:3:      minmay_evil_eye, layout_basic, first_ration, uniq_ijyb,
          uniq_crazy_yiuf_cottage, uniq_terence

Skill      XL: |  1  2  3  4 |
---------------+-------------+-----
Fighting       | 4 |  4.3
Maces & Flails | 3 |  3.1
Armour         | 4 |  4.3
Shields        | 4 |  4.3

Action                   |  1- 3 |  4- 6 || total
-------------------------+-------+-------++-------
Melee: Flail             |   123 |    42 ||   165
       Mace              |       |    22 ||    22
  Eat: Chunk             |     1 |     3 ||     4
Armor: Scale mail        |    80 |    28 ||   108
Dodge: Dodged            |    35 |    17 ||    52
Block: Kite shield       |    59 |    35 ||    94
